AoeStats
← Malik Bhai

Arabia

508786896Analyzed
1v1 RM · 8d ago on Sep 24, 2026· 55m 41s· 2 players
Game mode
Random Map
Map size
Tiny (2 player)
Population
200
Speed
Normal
Resources
Standard
Victory
Conquest
Starting age
Dark Age
Ending age
Imperial Age
RankedLock teamsTeams togetherTeam positionsShared explorationLock speedFull tech treeHidden civsTurbo modeCheats
Victory
Defeat
🇦🇷 Persians · Argentina
1653
+16
🇵🇰 Berbers · Pakistan
1653
-16
APs | Guna
6:02 Loom
8:36 Feudal Age
9:00 Double-Bit Axe
9:33 Horse Collar
20:19 Castle Age
18:37 Fletching
19:47 Scale Barding Armor
20:11 Bloodlines
19:58 Gold Mining
20:45 Bodkin Arrow
23:50 Padded Archer Armor
25:38 Leather Archer Armor
27:01 Husbandry
30:47 Chain Barding Armor
31:30 Wheelbarrow
31:05 Bow Saw
32:19 Forging
33:29 Elite Skirmisher
34:38 Town Watch
38:11 Imperial Age
35:58 Stone Mining
36:44 Gold Shaft Mining
36:20 Bow Saw
37:21 Thumb Ring
37:43 Ballistics
37:22 Light Cavalry
39:15 Ring Archer Armor
38:52 Heavy Camel Rider
41:01 Chemistry
41:57 Plate Barding Armor
42:48 Iron Casting
42:41 Hussar
46:18 Hand Cart
48:09 Blast Furnace
48:23 Conscription
52:11 Citadels
52:38 Capped Ram
53:34 Siege Ram
Malik Bhai
5:50 Loom
8:32 Feudal Age
9:44 Double-Bit Axe
12:13 Horse Collar
20:16 Castle Age
20:27 Fletching
21:52 Bodkin Arrow
22:35 Wheelbarrow
24:29 Ballistics
24:22 Padded Archer Armor
25:49 Leather Archer Armor
27:34 Husbandry
29:28 Bloodlines
37:49 Imperial Age
36:17 Bow Saw
38:28 Heavy Plow
38:36 Bracer
39:37 Chemistry
39:22 Scale Barding Armor
39:27 Forging
41:04 Ring Archer Armor
41:54 Chain Barding Armor
40:55 Light Cavalry
41:37 Town Watch
42:33 Hussar
44:08 Plate Barding Armor
46:42 Iron Casting
48:43 Blast Furnace
48:15 Elite Camel Archer
51:36 Conscription
Connection lost

Rejoining the realm…

Still unreachable

The connection could not be restored.

Session expired

The server has moved on; the page needs a fresh start.